 Dungeon Crawl Stone Soup version 0.29.1-2-gbd0b4ee654 (webtiles) character file.

Game seed: 14251876956043227588

83 styxcanada the Sneak (level 4, 0/23 HPs)
             Began as a Spriggan Brigand on Oct 29, 2022.
             Slain by a gnoll
             ... wielding a +0 flail
              (12 damage)
             ... on level 3 of the Dungeon.
             The game lasted 00:05:14 (2069 turns).

styxcanada the Sneak (Spriggan Brigand)             Turns: 2069, Time: 00:05:15

Health: 0/23       AC:  3    Str:  7    XL:     4   Next: 22%
Magic:  5/5        EV: 18    Int: 12    God:
Gold:   194        SH:  0    Dex: 18    Spells: 3/3 levels left

rFire   . . .      SeeInvis +   a - +2 dagger
rCold   . . .      Faith    .   (no shield)
rNeg    . . .      Spirit   .   b - +0 robe
rPois   .          Reflect  .   (helmet restricted)
rElec   .          Harm     .   c - +0 cloak
rCorr   .          Rampage  .   (gloves unavailable)
Will    .....                   (boots unavailable)
Stlth   ++++......              (no amulet)
HPRegen 0.07/turn               (no ring)
MPRegen 0.09/turn               (no ring)

@: very quick
A: very small, no large weapons, unfitting armour, see invisible, speed 3
a: no special abilities


You were on level 3 of the Dungeon.
You visited 1 branch of the dungeon, and saw 4 of its levels.

You collected 194 gold pieces.

Inventory:

Hand Weapons
 a - a +2 dagger (weapon)
Missiles
 d - 2 poisoned darts (quivered)
 e - 3 curare-tipped darts
 i - 14 stones
Armour
 b - a +0 robe (worn)
 c - a +0 cloak (worn)
Jewellery
 k - a ring of fire
Scrolls
 f - a scroll of enchant weapon {unknown}
 g - a scroll of identify {unknown}
 l - a scroll of blinking {unknown}
Potions
 h - a potion of heal wounds {unknown}
 j - a potion of curing {unknown}


   Skills:
 * Level 1.8 Fighting
 + Level 2.6 Short Blades
 + Level 2.0 Throwing
 * Level 2.9 Dodging
 * Level 7.6 Stealth


You had 3 spell levels left.
You didn't know any spells.
Your spell library contained the following spells:

 Spells                   Type           Power      Damage    Failure   Level
 Sandblast                Erth           0%         2d4       32%         1
 Passwall                 Tmut/Erth      0%         N/A       45%         2
 Stone Arrow              Conj/Erth      0%         3d7       69%         3
 Chain Lightning          Conj/Air       0%         N/A       100%        9
 Fire Storm               Conj/Fire      0%         5d1       100%        9
 Shatter                  Erth           0%         3d5*      100%        9


Dungeon Overview and Level Annotations

Branches:
Dungeon (4/15)
 Temple: D:4-7

Altars:


Innate Abilities, Weirdness & Mutations

You are very small and have problems with some larger weapons.
You are too small for most types of armour.
You have supernaturally acute eyesight. (SInv)
You cover ground extremely quickly. (Speed+++)


Message History

Throw: 7 darts (poison)
Press: ? - help, Q - select action, (/) - cycle Shift-Dir - straight line, f/p - gnoll
Aim: a gnoll, wielding a +0 spear (65% to hit)
You throw a poisoned dart. The poisoned dart hits the gnoll.
The gnoll is poisoned.
The gnoll hits you from afar with a +0 spear.
Throw: 6 darts (poison)
Press: ? - help, Q - select action, (/) - cycle Shift-Dir - straight line, f/p - gnoll
Aim: a gnoll, wielding a +0 spear (moderately wounded, poisoned, 65% to hit)
You throw a poisoned dart.
The poisoned dart closely misses the gnoll.
The poisoned dart hits the gnoll.
The gnoll is poisoned.
Throw: 5 darts (poison)
Press: ? - help, Q - select action, (/) - cycle Shift-Dir - straight line, f - gnoll, p - gnoll
Aim: a gnoll, wielding a +0 flail (lightly wounded, poisoned, 65% to hit)
You throw a poisoned dart. The poisoned dart hits the gnoll.
The gnoll is lightly wounded.
Found a stone staircase leading up.
The gnoll looks more healthy.
Throw: 4 darts (poison)
Press: ? - help, Q - select action, (/) - cycle Shift-Dir - straight line, f/p - gnoll
Aim: a gnoll, wielding a +0 flail (heavily wounded, poisoned, 65% to hit)
You throw a poisoned dart. The poisoned dart hits the gnoll.
The gnoll is poisoned.
The gnoll is moderately wounded.
Throw: 3 darts (poison)
Press: ? - help, Q - select action, (/) - cycle Shift-Dir - straight line, f/p - gnoll
Aim: a gnoll, wielding a +0 flail (severely wounded, poisoned, 65% to hit)
You throw a poisoned dart. The poisoned dart hits the gnoll.
The gnoll looks even sicker.
The gnoll is moderately wounded.
The gnoll completely misses you. The gnoll barely misses you.
A gnoll comes into view. It is wielding a +0 halberd.
You closely miss the gnoll.
The gnoll is moderately wounded.
The gnoll looks more healthy.
The gnoll hits you with a +0 spear! The gnoll hits you with a +0 flail!
Ouch! That really hurt!
You die...

##### #.#. .. # #... ...#
#.#. .. #####..####..#
##.... ... #......?..#..#
....#
...<#.#.......#..##.#.##.
...............g((.(.....
.................(....# .
#..@g(....$......# .
.........g............#.#
...#.#.###########...##.#
. .. #. #......# ... #+
#.##>#.# .. #....... .
########


You could see 3 gnolls.

Vanquished Creatures
  An iguana (D:4)
  An adder (D:4)
  2 bats (D:1)
  4 endoplasms (D:1)
  7 goblins
  7 hobgoblins
  6 jackals (D:1)
  3 kobolds
  4 quokkas
  3 ball pythons
  4 rats (D:1)
42 creatures vanquished.

Notes
Turn   | Place    | Note
-------+----------+-------------------------------------------
     0 | D:1      | styxcanada the Spriggan Brigand began the quest for the
                  | Orb.
     0 | D:1      | Reached XP level 1. HP: 10/10 MP: 2/2
    38 | D:1      | Reached skill level 6 in Stealth
   280 | D:1      | Reached XP level 2. HP: 6/14 MP: 3/3
  1018 | D:1      | Reached skill level 7 in Stealth
  1183 | D:1      | Reached XP level 3. HP: 18/18 MP: 4/4
  1853 | D:2      | You fall into a shaft and drop 2 floors!
  1899 | D:4      | Reached XP level 4. HP: 17/23 MP: 5/5
  1945 | D:4      | Noticed a centaur
  2069 | D:3      | Slain by a gnoll

Illustrated notes

Levels and vault maps discovered:
D:1:      matt_arrival_spirals, layout_loops_ring
D:2:      layout_loops_ring, dreamdust_wishing_well, st_stairs_13,
          minmay_strange_pillars
D:3:      layout_basic, nicolae_tso_besieged_by_evil, grunt_dithmenos_smoke,
          nicolae_hepliaklqana_monster_ancestors, serial_shops,
          nicolae_shop_crystal, hellmonk_ecumenical_altar_blasted, nrook_uturn,
          uniq_crazy_yiuf_cottage
D:4:      layout_gridville, nicolae_overflow_hidden_temple,
          nicolae_qazlal_style_of_elements, kiku_gazebo_pond_becter,
          nemelex_spade_bored_becter, minmay_misc_feat_iff, grunt_ministairs_15

Skill      XL: |  1  2  3 |
---------------+----------+-----
Stealth        | 6 7 |  7.6
Dodging        | 2 |  2.9
Fighting       | |  1.8
Short Blades   | |  2.6
Throwing       | |  2.0

Action                   |  1- 3 |  4- 6 || total
-------------------------+-------+-------++-------
Melee: Dagger            |   108 |     3 ||   111
Throw: Dart              |    10 |     6 ||    16
 Stab: Sleeping          |    11 |       ||    11
Armor: Robe              |    20 |       ||    20
Dodge: Dodged            |    78 |     4 ||    82
